 Dungeon Crawl Stone Soup version 0.29-a0-121-g8efb068a30 (webtiles) character file.

Game seed: 4408911426590654268

2951 drugrobin the Spear-Bearer (level 9, -5/67 HPs)
             Began as a Demigod Warper on Feb 21, 2022.
             Slain by a troll (7 damage)
             ... on level 7 of the Dungeon.
             The game lasted 00:37:52 (13468 turns).

drugrobin the Spear-Bearer (Demigod Warper)        Turns: 13468, Time: 00:37:53

Health: -5/67      AC:  4    Str: 24    XL:     9   Next: 27%
Magic:  14/16      EV: 12    Int: 21    God:
Gold:   357        SH:  0    Dex: 17    Spells: 5/13 levels left

rFire   . . .      SeeInvis .   b - +0 shortbow
rCold   . . .      Faith    .   (shield currently unavailable)
rNeg    . . .      Spirit   .   D - +0 robe {Will+}
rPois   .          Reflect  .   k - +0 helmet
rElec   .          Harm     .   (no cloak)
rCorr   .          Rampage  .   M - +0 pair of gloves
Will    +....                   (no boots)
Stlth   +++.......              s - amulet of the acrobat
HPRegen 0.21/turn               e - ring of Optimism {Fly Dex+4}
MPRegen 0.15/turn               I - +6 ring of intelligence

@: flying, very slightly contaminated, studying Spellcasting
A: high MP 1, forlorn, divine attributes
a: no special abilities


You were on level 7 of the Dungeon.
You visited 1 branch of the dungeon, and saw 8 of its levels.

You collected 373 gold pieces.
You spent 16 gold pieces at shops.

Inventory:

Hand Weapons
 a - a +0 halberd
 b - a +0 shortbow (weapon)
 c - a +0 spear
 d - a +0 dagger of electrocution
 q - a +0 hunting sling
 N - a +2 whip of electrocution
Missiles
 g - 325 stones
 v - 12 sling bullets
 w - 3 boomerangs
 C - 4 boomerangs of dispersal
 E - 2 poisoned darts
 F - 78 arrows (quivered ammo)
 H - a throwing net
Armour
 k - a +0 helmet (worn)
 l - a +0 leather armour
 D - a +0 robe of willpower (worn)
 M - a +0 pair of gloves (worn)
Jewellery
 e - the ring of Optimism (left hand) {Fly Dex+4}
   (You took it off a goblin on level 1 of the Dungeon)

   [ring of flight]

   Dex:       It affects your dexterity (+4).
   Fly:       It grants you flight.
 s - an amulet of the acrobat (around neck)
 x - an amulet of magic regeneration
 B - a ring of ice
 I - a +6 ring of intelligence (right hand)
Wands
 K - a wand of acid (9)
 O - a wand of paralysis (3)
Scrolls
 f - a scroll of blinking
 h - 4 scrolls of identify
 m - 2 scrolls of enchant weapon {unknown}
 p - a scroll of holy word {unknown}
 r - a scroll of immolation {unknown}
 t - a scroll of brand weapon {unknown}
 y - 3 scrolls of teleportation {unknown}
 G - 3 scrolls of magic mapping {unknown}
 L - a scroll of acquirement {unknown}
Potions
 i - 3 potions of brilliance
 j - a potion of might {unknown}
 n - a potion of mutation {unknown}
 o - a potion of attraction {unknown}
 u - a potion of curing
 z - a potion of resistance {unknown}
 A - a potion of invisibility {unknown}
 J - a potion of heal wounds


   Skills:
 + Level 2.2 Fighting
 + Level 11.5 Polearms
 - Level 0.8 Throwing
 - Level 0.8 Armour
 - Level 1.7 Dodging
 - Level 3.9 Stealth
 + Level 2.5 Spellcasting
 - Level 2.6 Translocations


You had 5 spell levels left.
You knew the following spells:

 Your Spells              Type           Power      Damage    Failure   Level
a - Blink                 Tloc           26%        N/A       7%          2
b - Teleport Other        Tloc           13%        N/A       14%         3
c - Gell's Gravitas       Tloc           13%        N/A       14%         3

Your spell library contained the following spells:

 Spells                   Type           Power      Damage    Failure   Level
 Freeze                   Ice            8%         1d3       14%         1
 Lesser Beckoning         Tloc           13%        N/A       14%         3
 Confusing Touch          Hex            2%         N/A       38%         3
 Frozen Ramparts          Ice            4%         1d2       38%         3
 Inner Flame              Hex/Fire       2%         N/A       38%         3
 Manifold Assault         Tloc           13%        N/A       78%         5
 Cause Fear               Hex            1%         N/A       80%         4
 Hailstorm                Conj/Ice       2%         3d3       80%         4
 Ice Form                 Ice/Tmut       2%         N/A       80%         4
 Summon Ice Beast         Ice/Summ       2%         N/A       80%         4
 Yara's Violent Unravell  Hex/Tmut       1%         3d3       98%         5
 Enfeeble                 Hex            1%         N/A       100%        7
 Discord                  Hex            1%         N/A       100%        8


Dungeon Overview and Level Annotations

Branches:
Dungeon (8/15)             Temple (0/1) D:6
   Lair: D:8-11

Shops:
D:1 (

Annotations:
D:7 Joseph
D:8 exclusion: fire crab


Innate Abilities, Weirdness & Mutations

You have an increased reservoir of magic. (+10% MP)
You shall have no god before yourself.
Your divine heritage dramatically boosts your attributes as you level up.


Message History

The arrow hits the troll.
The troll is lightly wounded.
Fire: 82 arrows
Press: ? - help, Q - select action, (/) - cycle Shift-Dir - straight line, f/p - troll
Aim: a troll (lightly wounded, 60% to hit)
You shoot an arrow. The arrow closely misses the troll.
Unknown command.
Fire: 81 arrows
Press: ? - help, Q - select action, (/) - cycle Shift-Dir - straight line, f/p - troll
Aim: a troll (60% to hit)
You shoot an arrow. The arrow hits the troll!
The troll is moderately wounded.
Unknown command.
Fire: 80 arrows
Press: ? - help, Q - select action, (/) - cycle Shift-Dir - straight line, f/p - troll
Aim: a troll (moderately wounded, 60% to hit)
You shoot an arrow. The arrow hits the troll.
The troll is moderately wounded.
Unknown command.
Fire: 79 arrows
Press: ? - help, Q - select action, (/) - cycle Shift-Dir - straight line, f/p - troll
Aim: a troll (moderately wounded, 60% to hit)
You shoot an arrow. The arrow hits the troll!
The troll is heavily wounded.
The troll completely misses you. The troll closely misses you.
The troll claws you but does no damage.
Unknown command.
The troll bites you. The troll claws you! x2
* * * LOW HITPOINT WARNING * * *
A mysterious force pulls you upwards. The hatch slams shut behind you.
Level annotation: Joseph Unknown command.
Casting: Gell's Gravitas (dangerous; 14% risk of failure)
Confirm with . or Enter, or press ? or * to list all spells.
You miscast Blink.
You are very lightly contaminated with residual magic.
Nothing appears to happen.
The troll bites you!
* * * LOW HITPOINT WARNING * * *
The troll claws you!
You die...

#.....≈.......≈.............<...
#.....≈≈≈≈≈≈≈≈≈.................
#...............................
#.....#.........................
#.....#.....#...................
#.....#.....#............!.....@
###'###.....#...................
#....##.....#.....#'######......
......+.....#..T@.#......#######
.....##.....#.....#......#
.....########.....#......#
#....##.....#.....#......#
#....##.....#.....#......#
............#.....#......##
............#.....#.......#
............#.....'.......#
.....########.....#.......#


You could see a troll.

Vanquished Creatures
  A two-headed ogre (D:7)
  A wyvern (D:8)
  A water moccasin (D:6)
  3 sky beasts
  A black bear (D:5)
  2 wolves (D:8)
  A necrophage (D:6)
  An ogre (D:5)
  A phantom (D:7)
  A centaur (D:4)
  3 bullfrogs
  3 scorpions
  A wyvern skeleton (D:7)
  3 wights
  A howler monkey (D:6)
  4 hounds
  2 jellies (D:6)
  3 orc priests
  A gnoll shaman (D:7)
  An iguana (D:5)
  Jessica (D:3)
  2 orc wizards
  A hound zombie (D:5)
  Robin (D:2)
  11 gnolls
  4 adders
  An ufetubus (D:6)
  A worm (D:3)
  An adder skeleton (D:4)
  4 dart slugs (D:1)
  14 orcs
  A bat (D:1)
  10 endoplasms
  6 giant cockroaches
  20 goblins
  8 hobgoblins
  4 jackals (D:2)
  4 kobolds
  4 quokkas
  3 ball pythons
  2 frilled lizards
  9 rats
147 creatures vanquished.

Notes
Turn   | Place    | Note
-------+----------+-------------------------------------------
     0 | D:1      | drugrobin the Demigod Warper began the quest for the Orb.
     0 | D:1      | Reached XP level 1. HP: 17/17 MP: 5/5
    30 | D:1      | Reached skill level 2 in Polearms
   340 | D:1      | Reached XP level 2. HP: 24/24 MP: 7/7
   587 | D:1      | Reached skill level 3 in Polearms
   935 | D:1      | Found Exubusio's Weapon Shop.
  1136 | D:1      | Bought a +0 hunting sling for 16 gold pieces
  1277 | D:1      | Reached XP level 3. HP: 29/29 MP: 8/8
  1525 | D:2      | Learned a level 2 spell: Blink
  2424 | D:1      | Reached skill level 4 in Polearms
  2444 | D:2      | Noticed Robin
  2659 | D:2      | Reached XP level 4. HP: 29/36 MP: 9/9
  2698 | D:2      | Killed Robin
  2699 | D:2      | Identified the ring of Optimism {Fly Dex+4}
  3906 | D:3      | Learned a level 3 spell: Teleport Other
  4339 | D:3      | Noticed Jessica
  4354 | D:3      | Killed Jessica
  4355 | D:3      | Reached skill level 5 in Polearms
  4355 | D:3      | Reached XP level 5. HP: 22/41 MP: 10/10
  5192 | D:4      | Noticed a +0 falchion
  5192 | D:4      | Noticed a +0 spear
  5192 | D:4      | Noticed a +0 short sword
  5192 | D:4      | Noticed a +0 short sword
  5193 | D:4      | Noticed a +0 dagger
  5194 | D:4      | Noticed a +0 falchion
  5194 | D:4      | Noticed a +0 dagger
  5194 | D:4      | Noticed a +0 spear
  5495 | D:4      | Noticed a centaur
  5501 | D:5      | Entered Level 5 of the Dungeon
  6167 | D:5      | Reached skill level 6 in Polearms
  6242 | D:5      | Noticed a black bear
  6292 | D:5      | Reached XP level 6. HP: 38/48 MP: 11/11
  7680 | D:4      | Reached skill level 7 in Polearms
  8024 | D:5      | Reached XP level 7. HP: 24/53 MP: 5/12
  8349 | D:5      | Reached skill level 8 in Polearms
  9788 | D:6      | Reached skill level 9 in Polearms
  9868 | D:6      | Reached XP level 8. HP: 43/60 MP: 13/13
 10225 | D:6      | Found a staircase to the Ecumenical Temple.
 10820 | D:6      | Reached skill level 10 in Polearms
 11221 | D:7      | Noticed Joseph
 11253 | D:7      | Noticed a two-headed ogre
 11302 | D:6      | Reached skill level 1 in Stealth
 12063 | D:7      | Killed a two-headed ogre
 12436 | D:7      | Reached XP level 9. HP: 58/67 MP: 12/14
 12580 | D:7      | Learned a level 3 spell: Gell's Gravitas
 12613 | D:7      | Reached skill level 11 in Polearms
 12691 | D:8      | Noticed a fire crab
 13468 | D:7      | HP: 2/67 [troll (17)]
 13468 | D:7      | Slain by a troll

Illustrated notes

Levels and vault maps discovered:
D:1:      wander_arrival_chamber, layout_basic, serial_shops,
          nicolae_shop_bloodbath_and_beyond
D:2:      layout_rooms, uniq_robin
D:3:      layout_loops_corners, chequers_ecumenical_altar_twisty, uniq_jessica
D:4:      layout_basic, nicolae_uskayaw_en_pointe, hangedman_decor_riveting
D:5:      layout_basic
D:6:      layout_rooms, minmay_temple_entry_trees
D:7:      layout_gridville, mainiacjoe_overflow_concentric_impassable,
          uniq_duvessa, uniq_prince_ribbit1, uniq_joseph
D:8:      cheibrodos_steamvent, layout_basic, erik_lair_island,
          corexii_hall_statues_t, corexii_hall_statues_i, chequers_mini_garden,
          uniq_erica

Skill      XL: |  1  2  3  4  5  6  7  8  9 |
---------------+----------------------------+-----
Polearms       | 2 3 4 5 6 7 9 10 11 | 11.5
Stealth        | 3 |  3.9
Spellcasting   | 2 |  2.5
Fighting       | 2 |  2.2
Throwing       | |  0.8
Armour         | |  0.8
Dodging        | |  1.7
Translocations | |  2.6

Action                   |  1- 3 |  4- 6 |  7- 9 || total
-------------------------+-------+-------+-------++-------
Melee: Spear             |   148 |   347 |    65 ||   560
       Punch             |     1 |     5 |     1 ||     7
       Halberd           |       |       |   139 ||   139
       Dagger            |       |       |     4 ||     4
 Fire: Hunting sling     |    35 |    32 |       ||    67
       Shortbow          |       |    10 |   125 ||   135
Throw: Stone             |     5 |     5 |       ||    10
       Boomerang         |       |    16 |     6 ||    22
       Dart              |       |       |     5 ||     5
 Cast: Blink             |     6 |    20 |    34 ||    60
       Teleport Other    |       |     4 |     1 ||     5
       Gell's Gravitas   |       |       |     3 ||     3
Evoke: Wand              |       |       |     1 ||     1
  Use: Potion            |     3 |     3 |       ||     6
       Scroll            |       |       |     1 ||     1
 Stab: Sleeping          |       |     5 |     2 ||     7
Armor: Leather armour    |    25 |    52 |       ||    77
       Robe              |       |     8 |    32 ||    40
Dodge: Dodged            |    71 |   162 |   148 ||   381

Table legend: (Time is in decaauts)
 A = Elapsed time spent in this place.
 B = Non-inter-level travel time spent in this place.
 C = Inter-level travel time spent in this place.
 D = Time resting spent in this place.
 E = Time spent auto-exploring this place.
 F = Levels seen in this place.
 G = Mean time per level.
                   A        B        C        D        E       F      G
               +--------+--------+--------+--------+--------+-----+--------+
         Total |  13401 |  12816 |    585 |   4163 |   5244 |   8 | 1675.1 |
       Dungeon |  13401 |  12816 |    585 |   4163 |   5244 |   8 | 1675.1 |
               +--------+--------+--------+--------+--------+-----+--------+

Top non-repeatable levels by time:
     D:1: 2886 daAuts
     D:5: 2629 daAuts
     D:4: 1843 daAuts
     D:3: 1474 daAuts
     D:7: 1467 daAuts
     D:6: 1344 daAuts
     D:2: 980 daAuts
     D:8: 775 daAuts
